 Dungeon Crawl Stone Soup version 0.24-a0-170-gd8427f5 (webtiles) character file.

Game seed: 7448726475889242412

53 Borgoz the Cutter (level 3, -1/22 HPs)
             Began as a Gargoyle Gladiator on Mar 8, 2019.
             Blown up by Ijyb (11 damage)
             ... with a wand of disintegration (9)
             ... on level 3 of the Dungeon.
             The game lasted 00:01:33 (1633 turns).

Borgoz the Cutter (Gargoyle Gladiator)              Turns: 1633, Time: 00:01:34

Health: -1/22      AC:  9    Str: 17    XL:     3   Next: 89%
Magic:  3/3        EV: 12    Int:  9    God:
Gold:   88         SH:  0    Dex: 11    Spells: 2/2 levels left

rFire    . . .     SeeInvis .   a - +0 rapier
rCold    . . .     Gourm    .   (no shield)
rNeg     + . .     Faith    .   b - +0 leather armour
rPois    ∞         Spirit   .   c - +0 helmet
rElec    +         Reflect  .   (no cloak)
rCorr    .         Harm     .   m - +0 pair of gloves
MR       .....                  (no boots)
Stlth    +.........             (no amulet)
HPRegen  0.07/turn              l - +1 ring of protection
MPRegen  0.08/turn              (no ring)

@: no status effects
A: negative energy resistance 1, electricity resistance, unbreathing,
petrification resistance, rot immunity, AC +3
a: no special abilities


You were on level 3 of the Dungeon.
You were not hungry.

You visited 1 branch of the dungeon, and saw 3 of its levels.

You collected 88 gold pieces.

Inventory:

Hand Weapons
 a - a +0 rapier (weapon)
Missiles
 d - 3 throwing nets (quivered)
Armour
 b - a +0 leather armour (worn)
 c - a +0 helmet (worn)
 m - a +0 pair of gloves (worn)
Jewellery
 l - a +1 ring of protection (left hand)
Scrolls
 e - 3 scrolls of identify {unknown}
 g - 2 scrolls of blinking {unknown}
 h - 3 scrolls of immolation {unknown}
 j - 2 scrolls of remove curse {unknown}
 n - 3 scrolls of amnesia {unknown}
 o - a scroll of fog {unknown}
Potions
 i - 2 potions of curing
 p - a potion of heal wounds {unknown}
Comestibles
 f - 3 rations


   Skills:
 + Level 2.9 Fighting
 + Level 3.1 Short Blades
 - Level 1.7 Throwing
 + Level 1.5 Armour
 + Level 2.8 Dodging


You had 2 spell levels left.
You didn't know any spells.
Your spell library was empty.

Dungeon Overview and Level Annotations

Branches:
Dungeon (3/15)

Altars:

Annotations:
D:3 Ijyb


Innate Abilities, Weirdness & Mutations

You are resistant to torment.
Your stone body is resilient. (AC +3)
You are immune to poison.
You resist negative energy. (rN+)
You are resistant to electric shocks. (rElec)
You can survive without breathing.
You are immune to petrification.
You are immune to rotting.


Message History

You hit Ijyb.
Ijyb is moderately wounded.
Ijyb hits you but does no damage.
You closely miss Ijyb.
Ijyb is moderately wounded.
Ijyb hits you but does no damage.
Ijyb zaps a wand.
You are blasted!
Ouch! That really hurt!
* * * LOW HITPOINT WARNING * * *
You are too injured to fight recklessly!
You are too injured to fight recklessly!
You are too injured to fight recklessly!
It was a potion of curing.
You feel better. Ijyb hits you but does no damage.
You are too injured to fight recklessly!
You are too injured to fight recklessly!
You are too injured to fight recklessly!
You barely miss Ijyb.
Ijyb is moderately wounded.
Ijyb zaps a wand.
You are blasted!
Ouch! That really hurt!
You die...

.# #.# ## #.# ..#
#.# ####...## #.#
#.g...... #.# #@#
#.#####.# ....
#.......# ....
#.####### ...
#....# ..
#####.##.# ..# #
#.....##.# ..# #
###.######.# ...#
#.....####.####....


You could see Ijyb.

Vanquished Creatures
  2 adders (D:2)
  2 worms
  2 orcs (D:3)
  4 goblins
  6 hobgoblins
  4 kobolds
  A bat (D:3)
  7 rats
28 creatures vanquished.

Notes
Turn   | Place    | Note
-------+----------+-------------------------------------------
     0 | D:1      | Borgoz the Gargoyle Gladiator began the quest for the Orb.
     0 | D:1      | Reached XP level 1. HP: 12/12 MP: 1/1
   654 | D:2      | Reached XP level 2. HP: 18/18 MP: 2/2
   731 | D:2      | Reached skill level 1 in Armour
   823 | D:2      | Reached skill level 3 in Short Blades
   823 | D:2      | Reached XP level 3. HP: 14/22 MP: 3/3
  1629 | D:3      | Noticed Ijyb
  1631 | D:3      | HP: 1/22 [disintegration (21)]
  1633 | D:3      | Blown up by Ijyb

Levels and vault maps discovered:
D:1:      wheals_arrival_shading, layout_basic, minmay_pentomino_o2
D:2:      layout_rooms, minmay_misc_feat_x
D:3:      layout_loops_ring, minivault_27, minmay_box_of_dots, uniq_ijyb

Skill      XL: |  1  2 |
---------------+-------+-----
Armour         | 1 |  1.5
Short Blades   | 3 |  3.1
Fighting       | |  2.9
Throwing       | |  1.7
Dodging        | |  2.8

Action                   || total
-------------------------++-------
Melee: Rapier            ||   100
  Use: Potion            ||     1
  Eat: Chunk             ||     2
Armor: Leather armour    ||    31
Dodge: Dodged            ||    52

Table legend:
 A = Non-vault XP
 B = Vault XP
 C = Vault XP percentage of total XP
 D = Non-vault monster count
 E = Vault monster count
 F = Vault count percentage of total count
                 A         B        C        D         E       F
            +---------+---------+-------+---------+---------+-------
      Total |      70 |       7 |   9.1 |      24 |       4 |  14.3
            +---------+---------+-------+---------+---------+-------
        D:1 |       5 |       3 |  37.5 |       4 |       2 |  33.3
        D:2 |      46 |       0 |   0.0 |      12 |       0 |   0.0
        D:3 |      19 |       4 |  17.4 |       8 |       2 |  20.0
            +---------+---------+-------+---------+---------+-------
